Map: Orbital Shipyard

Players

googobbler

  • Race: Zerg Zerg
  • League: Gold

Grumm - Winner!

  • Race: Protoss Protoss
  • League: Gold

VOD

Have the link to the VOD?

Description

Time

  • Played on: Jan. 4, 2016, 11:40 p.m.
  • Length: 16:51
Show
View Real Time Build Order
Export as new Build Order

googobbler Zerg 

Build Orders: Pool First 

Get SALT Encoding   

  12  0:01  Drone  
  13  0:10  Drone  
  14  0:17  Overlord  
  14  0:33  Spawning Pool  
  13  0:38  Drone, Extractor  
  13  0:43  Drone  
  13  0:46  Drone  
  15  0:52  Drone  
  16  1:01  Drone  
  17  1:11  Drone  
  18  1:21  Queen  
  18  1:22  Zergling x2  
  21  1:40  Hatchery  
  21  1:46  Metabolic Boost  
  20  1:50  Zergling x2  
  20  1:54  Zergling x2  
  22  2:02  Overlord  
  22  2:20  Zergling x4  
  24  2:23  Queen  
  24  2:27  Zergling x2  
  27  2:30  Zergling x2  
  27  2:31  Zergling x2  
  27  2:34  Zergling x2  
  30  2:49  Overlord  
  30  3:04  Zergling x8  
  33  3:32  Drone  
  33  3:33  Drone x5  
  39  3:34  Queen  
  39  3:35  Drone  
  42  3:41  Overlord  
  42  3:59  Drone  
  42  4:00  Drone  
  42  4:02  Drone x3  
  47  4:08  Extractor  
  46  4:12  Drone  
  46  4:13  Drone, Roach Warren  
  46  4:15  Drone  
  48  4:27  Drone  
  48  4:28  Drone  
  50  4:31  Drone, Extractor  
  50  4:32  Drone  
  50  4:36  Lair  
  51  4:38  Overlord  
  51  4:48  Drone  
  52  4:59  Roach  
  54  5:00  Roach x3  
  60  5:10  Overlord x3  
  60  5:30  Hatchery  
  60  5:33  Overseer  
  59  5:38  Drone x4  
  59  5:42  Drone x5  
  68  5:45  Extractor  
  67  6:04  Spire  
  66  6:05  Spore Crawler x2  
  66  6:06  Spore Crawler  
  66  6:07  Drone, Spore Crawler  
  66  6:08  Drone x3  
  66  6:11  Drone x2  
  66  6:13  Drone  
  66  6:15  Drone  
  70  6:39  Roach  
  72  6:40  Roach x5  
  80  6:52  Roach  
  80  6:53  Roach x5  
  90  7:09  Overlord  
  90  7:10  Overlord x2  
  90  7:14  Spore Crawler  
  89  7:16  Spore Crawler, Queen  
  89  7:17  Spore Crawler x2  
  89  7:18  Drone x2  
  89  7:21  Overseer  
  90  7:24  Zerg Flyer Weapons Level 1  
  90  7:26  Overlord  
  90  7:27  Overlord  
  90  7:31  Queen  
  92  7:53  Drone x2  
  87  8:08  Mutalisk  
  87  8:09  Mutalisk x2  
  87  8:11  Mutalisk x3  
  99  8:12  Mutalisk  
  99  8:13  Mutalisk x2  
  105  8:34  Mutalisk x5  
  115  8:43  Infestation Pit  
  114  8:54  Overlord x3  
  114  9:01  Drone x6  
  120  9:03  Drone  
  120  9:04  Drone x2  
  123  9:17  Corruptor  
  123  9:18  Zerg Flyer Armor Level 1  
  123  9:23  Extractor  
  123  9:24  Drone x3, Extractor  
  125  9:27  Drone x3  
  125  9:29  Corruptor  
  125  9:30  Corruptor x2  
  135  9:39  Spore Crawler x3  
  135  9:42  Spore Crawler  
  135  9:43  Drone x2  
  133  9:46  Drone x3  
  133  9:51  Hive  
  136  10:00  Overseer x3  
  136  10:15  Mutalisk  
  136  10:16  Mutalisk x3  
  144  10:22  Spire  
  143  10:44  Overlord  
  143  10:45  Overlord x4  
  143  10:53  Hatchery  
  142  10:57  Corruptor x3  
  142  10:58  Mutalisk x2  
  142  11:01  Overlord  
  142  11:02  Overlord x2  
  152  11:31  Mutalisk  
  152  11:32  Mutalisk x4  
  162  11:35  Greater Spire  
  107  12:27  Mutalisk  
  107  12:28  Mutalisk x6  
  107  12:29  Mutalisk  
  113  12:30  Mutalisk  
  86  13:27  Mutalisk  
  86  13:28  Mutalisk x2  
  86  13:30  Zerg Flyer Weapons Level 2  
  87  14:15  Mutalisk  
  84  14:17  Zergling x2  
  84  14:18  Zergling x6  
  88  15:15  Spine Crawler  
  88  15:18  Spine Crawler x2  
  69  15:28  Hatchery  
  68  15:31  Zergling x2  
  68  15:32  Zergling x10  
  68  15:34  Zergling x12  
  68  15:35  Queen  
  80  15:36  Queen  
  80  15:40  Hatchery  
  78  16:13  Zergling x8  
Show
View Real Time Build Order
Export as new Build Order

Grumm Protoss - Winner!

Build Orders:  

Get SALT Encoding   

  12  0:01  Probe (Chrono Boost)  
  13  0:16  Pylon  
  13  0:18  Probe (Chrono Boost)  
  14  0:29  Probe (Chrono Boost)  
  15  0:35  Gateway  
  15  0:39  Probe (Chrono Boost)  
  16  0:54  Gateway  
  16  0:59  Assimilator, Probe (Chrono Boost)  
  17  1:10  Probe (Chrono Boost)  
  18  1:16  Pylon  
  18  1:20  Probe (Chrono Boost)  
  18  1:25  Assimilator  
  19  1:31  Cybernetics Core  
  19  1:34  Probe (Chrono Boost)  
  20  1:42  Zealot  
  20  1:46  Probe (Chrono Boost)  
  23  1:58  Pylon  
  25  2:08  Adept  
  25  2:09  Adept  
  25  2:10  Warp Gate (Chrono Boost)  
  25  2:15  Probe  
  28  2:31  Pylon  
  28  2:45  Stalker, Zealot  
  28  2:46  Probe  
  33  3:00  Probe  
  34  3:24  Probe  
  33  3:30  Nexus  
  33  3:32  Stargate  
  31  3:35  Robotics Facility  
  31  3:40  Probe  
  32  3:45  Pylon  
  32  3:52  Assimilator  
  32  3:53  Probe  
  33  4:04  Adept  
  33  4:05  Stalker  
  37  4:13  Probe  
  38  4:24  Immortal  
  42  4:25  Probe  
  43  4:37  Probe  
  44  4:39  Oracle (Chrono Boost)  
  47  4:45  Probe  
  47  4:49  Probe  
  47  4:50  Assimilator  
  49  5:02  Sentry  
  49  5:06  Zealot  
  53  5:08  Probe  
  53  5:13  Oracle (Chrono Boost)  
  57  5:22  Immortal  
  61  5:31  Forge  
  61  5:38  Pylon, Probe  
  62  5:52  Zealot x2  
  66  6:00  Probe  
  66  6:02  Probe  
  68  6:11  Probe  
  68  6:14  Probe  
  68  6:16  Gateway  
  68  6:18  Gateway x2  
  70  6:22  Probe  
  65  6:59  Void Ray (Chrono Boost)  
  65  7:01  Immortal  
  73  7:10  Zealot x2  
  77  7:26  Nexus  
  77  7:32  Pylon  
  77  7:41  Pylon, Protoss Ground Weapons Level 1  
  77  7:44  Photon Cannon  
  77  7:46  Photon Cannon  
  77  7:50  Photon Cannon  
  77  7:53  Gateway  
  77  8:05  Photon Cannon  
  77  8:08  Assimilator, Probe  
  77  8:10  Probe  
  77  8:12  Void Ray (Chrono Boost)  
  83  8:14  Stalker  
  83  8:15  Zealot  
  83  8:19  Probe  
  87  8:22  Warp Prism, Probe  
  91  8:29  Probe  
  91  8:33  Stalker  
  94  8:37  Probe  
  94  8:41  Stalker  
  97  8:43  Probe x2  
  99  8:54  Void Ray (Chrono Boost)  
  103  8:59  Robotics Bay  
  103  9:00  Pylon  
  103  9:10  Twilight Council, Pylon  
  103  9:13  Pylon  
  103  9:25  Zealot x2  
  103  9:26  Adept x3  
  113  9:32  Probe  
  113  9:33  Probe  
  115  9:42  Pylon  
  115  9:45  Void Ray (Chrono Boost)  
  119  9:52  Dark Shrine  
  119  9:53  Pylon  
  119  9:55  Probe x2  
  119  9:56  Probe  
  122  10:09  Probe  
  122  10:10  Probe  
  122  10:11  Probe  
  122  10:12  Assimilator  
  125  10:14  Protoss Ground Weapons Level 2  
  125  10:19  Stalker  
  125  10:20  Adept  
  125  10:21  Adept x2  
  133  10:25  Resonating Glaives  
  133  10:37  Pylon  
  133  10:42  Photon Cannon  
  133  11:00  Zealot  
  133  11:27  Stalker  
  133  11:28  Stalker x3  
  133  11:29  Stalker x2  
  143  11:52  Stalker x2  
  143  11:53  Stalker x4  
  96  12:21  Dark Templar x2  
  96  12:22  Dark Templar x4  
  52  13:15  Stalker  
  52  13:16  Stalker x4  
  52  13:17  Stalker  
  62  13:28  Protoss Ground Armor Level 1  
  62  13:34  Immortal  
  62  13:36  Void Ray (Chrono Boost)  
  62  13:39  Stalker  
  62  13:40  Stalker x5  
  43  14:03  Dark Templar x2  
  43  14:04  Dark Templar x4  
  52  14:10  Archon x2  
  52  14:11  Archon  
  52  14:28  Nexus  
  52  14:31  Photon Cannon  
  52  14:33  Photon Cannon x2  
  52  14:35  Pylon  
  52  14:39  Photon Cannon  
  45  14:45  Probe  
  45  14:47  Dark Templar  
  45  14:48  Dark Templar x4  
  45  14:49  Dark Templar  
  45  14:52  Archon x2  
  56  14:53  Archon  
  56  14:58  Probe  
  53  15:38  Zealot x4  
  53  15:39  Zealot  
  57  16:20  Probe  
  57  16:22  Probe  
  59  16:31  Probe  
  59  16:34  Probe  
Tags
 
Add a new tag
Caveats
  • Supply blocks, unpowered buildings, or Contaminate may cause inaccurate times.
  • Supply counts are checked every 10 seconds.